PL
CALIFORNIA OCEANLINERS @ ATLANTA SMOKE
09/18/2020
 
TOP OF THE 1ST
California Oceanliners batting - Pitching for Atlanta Smoke : RHP Andrés Martínez
Pitching: RHP Andrés Martínez
Batting: RHB José Ramírez 0-0: Ground out 6-3 (Groundball, 56)
Batting: LHB Morgan Carney 0-0: Ball
1-0: Ball
2-0: Foul Ball, location: 2F
2-1: SINGLE (Flyball, 7LM)
Batting: LHB Bill Burgess 0-0: Called Strike
0-1: Ball
1-1: SINGLE (Groundball, 3D)
Morgan Carney to second
Runner from 2nd tries for 3rd, SAFE, throw made to third
Batting: RHB Enrique Pérez 0-0: Foul Ball, location: 2F
0-1: Called Strike
0-2: Ball
1-2: Foul Ball, location: 2F
1-2: Ball
2-2: Ball
Wild Pitch!
Morgan Carney scores
Bill Burgess to second
3-2: Base on Balls
Batting: RHB Brad Perry 0-0: Called Strike
Bill Burgess steals 3rd base
Enrique Pérez to second
0-1: Ball
1-1: Swinging Strike
1-2: 3-RUN HOME RUN (Flyball, 7D), Distance : 415 ft
Batting: RHB Soseki Matsunaga 0-0: Ball
1-0: Called Strike
1-1: Foul Ball, location: 2F
1-2: Fly out, F3 (Popup, 3S)
Batting: RHB Karl Schultz 0-0: Ball
1-0: Called Strike
1-1: Fly out, F8 (Flyball, 8LM)
Top of the 1st over - 4 run(s), 3 hit(s), 0 error(s), 0 left on base; California 4 - Atlanta 0
BOTTOM OF THE 1ST
Atlanta Smoke batting - Pitching for California Oceanliners : LHP George House
Pitching: LHP George House
Batting: LHB Albert Morán 0-0: Ball
1-0: Called Strike
1-1: Ball
2-1: Fly out, F7 (Flyball, 78XD)
Batting: RHB Joe Runyon 0-0: Ball
1-0: Called Strike
1-1: Called Strike
1-2: Ball
2-2: Ground out 5-3 (Groundball, 56)
Batting: RHB Cale Sutton 0-0: Ball
1-0: Ball
2-0: Ball
3-0: Base on Balls
Batting: RHB Bob Campbell 0-0: Ball
1-0: Foul Ball, location: 2F
1-1: Swinging Strike
1-2: 2-RUN HOME RUN (Line Drive, 9LD), Distance : 367 ft
Batting: RHB Nathan Horton 0-0: Fly out, F8 (Flyball, 8RM)
Bottom of the 1st over - 2 run(s), 1 hit(s), 0 error(s), 0 left on base; California 4 - Atlanta 2
TOP OF THE 2ND
California Oceanliners batting - Pitching for Atlanta Smoke : RHP Andrés Martínez
Batting: LHB George House 0-0: Ball
1-0: Ball
2-0: Called Strike
2-1: Ball
3-1: Base on Balls
Batting: SHB Joe Mueller 0-0: Called Strike
0-1: Ball
1-1: Swinging Strike
1-2: Strikes out swinging
Batting: RHB José Ramírez 0-0: Called Strike
0-1: Ground out 5-3 (Groundball, 5S)
George House to second
Batting: LHB Morgan Carney 0-0: Ball
1-0: Called Strike
1-1: Ball
2-1: Foul Ball, location: 2F
2-2: SINGLE (Groundball, 34S)
George House to third
Runner from 3rd tries for Home, throw and OUT!
Top of the 2nd over - 0 run(s), 1 hit(s), 0 error(s), 1 left on base; California 4 - Atlanta 2
BOTTOM OF THE 2ND
Atlanta Smoke batting - Pitching for California Oceanliners : LHP George House
Batting: LHB Bernardo Elías 0-0: Ball
1-0: Fly out, F7 (Flyball, 7LM)
Batting: RHB Scott Forrest 0-0: Ball
1-0: Foul Ball, location: 2F
1-1: Foul Ball, location: 2F
1-2: Ball
2-2: Foul Ball, location: 2F
2-2: Ball
3-2: Base on Balls
Pitching: RHP Lance Hodges
Batting: LHB Mike Blue 0-0: Ball
1-0: Ball
2-0: Ball
3-0: Grounds into double play, 4-6-3 (Groundball, 4M)
Bottom of the 2nd over - 0 run(s), 0 hit(s), 0 error(s), 0 left on base; California 4 - Atlanta 2
TOP OF THE 3RD
California Oceanliners batting - Pitching for Atlanta Smoke : RHP Andrés Martínez
Batting: LHB Bill Burgess 0-0: Fly out, F6 (Popup, 6MD)
Batting: RHB Enrique Pérez 0-0: Ball
1-0: Fly out, F4 (Popup, 4M)
Batting: RHB Brad Perry 0-0: Ball
1-0: Ball
2-0: Ball
3-0: Called Strike
3-1: Called Strike
3-2: Foul Ball, location: 2F
3-2: Fly out, F8 (Flyball, 8LD)
Top of the 3rd over - 0 run(s), 0 hit(s), 0 error(s), 0 left on base; California 4 - Atlanta 2
BOTTOM OF THE 3RD
Atlanta Smoke batting - Pitching for California Oceanliners : RHP Lance Hodges
Batting: RHB Andrés Martínez 0-0: Called Strike
0-1: Ball
1-1: Ball
2-1: Called Strike
2-2: Ball
3-2: Strikes out swinging
Batting: LHB Albert Morán 0-0: Ball
1-0: Ball
2-0: Foul Ball, location: 2F
2-1: Swinging Strike
2-2: Ball
3-2: Base on Balls
Batting: RHB Joe Runyon 0-0: Ball
1-0: Ball
2-0: Ball
3-0: Called Strike
3-1: Called Strike
3-2: Foul Ball, location: 2F
3-2: Foul Ball, location: 2F
3-2: Strikes out looking
Throwing error on steal attempt, E2
Albert Morán to third
Pitching: RHP George Frazier
Batting: RHB Cale Sutton 0-0: Called Strike
0-1: Swinging Strike
0-2: Ball
1-2: Strikes out swinging
Bottom of the 3rd over - 0 run(s), 0 hit(s), 1 error(s), 1 left on base; California 4 - Atlanta 2
TOP OF THE 4TH
California Oceanliners batting - Pitching for Atlanta Smoke : RHP Andrés Martínez
Batting: RHB Soseki Matsunaga 0-0: Fly out, F8 (Flyball, 8RXD)
Batting: RHB Karl Schultz 0-0: Ground out 6-3 (Groundball, 6)
Batting: RHB George Frazier 0-0: Foul Ball, location: 2F
0-1: Fly out, F9 (Flyball, 9S)
Top of the 4th over - 0 run(s), 0 hit(s), 0 error(s), 0 left on base; California 4 - Atlanta 2
BOTTOM OF THE 4TH
Atlanta Smoke batting - Pitching for California Oceanliners : RHP George Frazier
Batting: RHB Bob Campbell 0-0: Called Strike
0-1: Called Strike
0-2: Ball
1-2: Foul Ball, location: 2F
1-2: Foul Ball, location: 2F
1-2: Ground out 4-3 (Groundball, 4)
Batting: RHB Nathan Horton 0-0: Ground out 3-1 (Groundball, 34)
Batting: LHB Bernardo Elías 0-0: Called Strike
0-1: Ground out 3-1 (Groundball, 34)
Bottom of the 4th over - 0 run(s), 0 hit(s), 0 error(s), 0 left on base; California 4 - Atlanta 2
TOP OF THE 5TH
California Oceanliners batting - Pitching for Atlanta Smoke : RHP Andrés Martínez
Batting: SHB Joe Mueller 0-0: Fly out, F6 (Popup, 6MD)
Batting: RHB José Ramírez 0-0: Ground out 5-3 (Groundball, 56)
Batting: LHB Morgan Carney 0-0: Ground out 6-3 (Groundball, 6)
Top of the 5th over - 0 run(s), 0 hit(s), 0 error(s), 0 left on base; California 4 - Atlanta 2
BOTTOM OF THE 5TH
Atlanta Smoke batting - Pitching for California Oceanliners : RHP George Frazier
Batting: RHB Scott Forrest 0-0: Ball
1-0: Foul Ball, location: 2F
1-1: Ground out 5-3 (Groundball, 5L)
Batting: LHB Mike Blue 0-0: SINGLE (Flyball, 7S)
Batting: RHB Andrés Martínez 0-0: Sac Bunt - play at first, batter OUT! 1-4
Mike Blue to second
Batting: LHB Albert Morán 0-0: Called Strike
0-1: Ball
1-1: Ball
2-1: DOUBLE (Line Drive, 7LS)
Mike Blue scores
Batting: RHB Joe Runyon 0-0: Foul Ball, location: 2F
0-1: Swinging Strike
0-2: Ground out 4-3 (Groundball, 4)
Bottom of the 5th over - 1 run(s), 2 hit(s), 0 error(s), 1 left on base; California 4 - Atlanta 3
TOP OF THE 6TH
California Oceanliners batting - Pitching for Atlanta Smoke : RHP Andrés Martínez
Batting: LHB Bill Burgess 0-0: Called Strike
0-1: Ball
1-1: SINGLE (Groundball, 34) (infield hit)
Batting: RHB Enrique Pérez 0-0: Called Strike
0-1: Foul Ball, location: 2F
0-2: SINGLE (Groundball, 4D)
Bill Burgess to second
Runner from 2nd tries for 3rd, SAFE, no throw or cutoff
Batting: RHB Brad Perry 0-0: SINGLE (Groundball, 6MD) (infield hit)
Bill Burgess scores
Enrique Pérez to second
Batting: RHB Soseki Matsunaga 0-0: Ground out 5-3 (Groundball, 5S)
Enrique Pérez to third
Brad Perry to second
Batting: RHB Karl Schultz 0-0: SINGLE (Line Drive, 8RS)
Enrique Pérez scores
Brad Perry to third
Pitching: RHP Mike Farrell
Pinch Hitting: RHB Aaron Harper 0-0: Ball
1-0: Called Strike
1-1: Swinging Strike
1-2: Ground out 5-3 (Groundball, 5S)
Brad Perry scores
Karl Schultz to second
Batting: SHB Joe Mueller 0-0: Ball
1-0: SINGLE (Groundball, 56D)
Karl Schultz to third
Runner from 3rd tries for Home, SAFE, no throw or cutoff
Batting: RHB José Ramírez 0-0: DOUBLE (Line Drive, 9LS)
Joe Mueller to third
Runner from 3rd tries for Home, SAFE, no throw or cutoff
Batting: LHB Morgan Carney 0-0: Called Strike
0-1: Ball
1-1: Ball
2-1: SINGLE (Flyball, 8LS)
José Ramírez to third
Runner from 3rd tries for Home, SAFE, throw made home
Morgan Carney to second
Batting: LHB Bill Burgess 0-0: DOUBLE (Flyball, 9LM)
Morgan Carney scores
Pitching: LHP Rick Payne
Batting: RHB Enrique Pérez 0-0: Called Strike
0-1: Ball
1-1: Foul Ball, location: 2F
1-2: SINGLE (Line Drive, 7LS)
Bill Burgess to third
Batting: RHB Brad Perry 0-0: Called Strike
0-1: Ball
1-1: Swinging Strike
1-2: SINGLE (Line Drive, 56D)
Bill Burgess scores
Enrique Pérez to second
Batting: RHB Soseki Matsunaga 0-0: Ball
1-0: Fly out, F7 (Flyball, 78M)
Top of the 6th over - 8 run(s), 10 hit(s), 0 error(s), 2 left on base; California 12 - Atlanta 3
BOTTOM OF THE 6TH
Atlanta Smoke batting - Pitching for California Oceanliners : RHP George Frazier
Pitching: RHP Nate Connolly
Batting: RHB Cale Sutton 0-0: Ball
1-0: Foul Ball, location: 2F
1-1: Swinging Strike
1-2: Ground out 3-1 (Groundball, 34)
Batting: RHB Bob Campbell 0-0: Swinging Strike
0-1: Foul Ball, location: 2F
0-2: Strikes out swinging
Batting: RHB Nathan Horton 0-0: Ball
1-0: Called Strike
1-1: Ball
2-1: Called Strike
2-2: Ball
3-2: Base on Balls
Batting: LHB Bernardo Elías 0-0: Ball
Wild Pitch!
Nathan Horton to second
1-0: Fly out, F8 (Flyball, 8LD)
Bottom of the 6th over - 0 run(s), 0 hit(s), 0 error(s), 1 left on base; California 12 - Atlanta 3
TOP OF THE 7TH
California Oceanliners batting - Pitching for Atlanta Smoke : LHP Rick Payne
Batting: RHB Karl Schultz 0-0: Swinging Strike
0-1: Called Strike
0-2: Ground out 6-3 (Groundball, 6M)
Pinch Hitting: LHB George Valentine 0-0: Foul Ball, location: 2F
0-1: Ball
1-1: Ball
2-1: Foul Ball, location: 2F
2-2: Ball
3-2: Ground out 6-3 (Groundball, 6)
Batting: SHB Joe Mueller 0-0: Ball
1-0: Foul Ball, location: 2F
1-1: Ball
2-1: Fly out, F9 (Flyball, 9M)
Top of the 7th over - 0 run(s), 0 hit(s), 0 error(s), 0 left on base; California 12 - Atlanta 3
BOTTOM OF THE 7TH
Atlanta Smoke batting - Pitching for California Oceanliners : RHP Nate Connolly
Pitching: RHP Alf Näsbom
Batting: RHB Scott Forrest 0-0: Ball
1-0: Called Strike
1-1: Called Strike
1-2: Ground out 1-3 (Groundball, 34S)
Batting: LHB Mike Blue 0-0: Ball
1-0: Ball
2-0: Ball
3-0: Called Strike
3-1: Ground out 4-3 (Groundball, 4)
Pinch Hitting: LHB Brad Lawrence 0-0: Called Strike
0-1: Ball
1-1: Fly out, F5 (Popup, 5SF)
Bottom of the 7th over - 0 run(s), 0 hit(s), 0 error(s), 0 left on base; California 12 - Atlanta 3
TOP OF THE 8TH
California Oceanliners batting - Pitching for Atlanta Smoke : LHP Rick Payne
Pitching: LHP José Flores
Batting: RHB José Ramírez 0-0: Ball
1-0: Foul Ball, location: 2F
1-1: Swinging Strike
1-2: Ball
2-2: Strikes out swinging
Batting: LHB Morgan Carney 0-0: Ball
1-0: Ball
2-0: Ball
3-0: Called Strike
3-1: Foul Ball, location: 2F
3-2: Base on Balls
Batting: LHB Bill Burgess 0-0: Ball
1-0: Foul Ball, location: 2F
1-1: Ball
2-1: Fly out, F8 (Line Drive, 8LD)
Batting: RHB Enrique Pérez 0-0: Ball
1-0: Ball
2-0: Ball
3-0: Base on Balls
Morgan Carney to second
Batting: RHB Brad Perry 0-0: Ball
1-0: Ball
2-0: Fly out, F7 (Flyball, 78S)
Top of the 8th over - 0 run(s), 0 hit(s), 0 error(s), 2 left on base; California 12 - Atlanta 3
BOTTOM OF THE 8TH
Atlanta Smoke batting - Pitching for California Oceanliners : RHP Alf Näsbom
Batting: LHB Albert Morán 0-0: Ball
1-0: Called Strike
1-1: Fly out, F5 (Popup, 6)
Batting: RHB Joe Runyon 0-0: Ball
1-0: Called Strike
1-1: Ball
2-1: Ball
3-1: Ground out 6-3 (Groundball, 6S)
Batting: RHB Cale Sutton 0-0: Ball
1-0: Ball
2-0: SINGLE (Groundball, 6MD) (infield hit)
Batting: RHB Bob Campbell 0-0: Ball
1-0: Ball
2-0: Fly out, F9 (Flyball, 8RM)
Bottom of the 8th over - 0 run(s), 1 hit(s), 0 error(s), 1 left on base; California 12 - Atlanta 3
TOP OF THE 9TH
California Oceanliners batting - Pitching for Atlanta Smoke : LHP José Flores
Batting: RHB Soseki Matsunaga 0-0: Ball
1-0: Ground out 6-3 (Groundball, 6)
Batting: RHB Karl Schultz 0-0: Ball
1-0: Swinging Strike
1-1: Ball
2-1: Ball
3-1: Swinging Strike
3-2: Foul Ball, location: 2F
3-2: Strikes out swinging
Pinch Hitting: RHB Tim Barnes 0-0: Called Strike
0-1: Ball
1-1: SINGLE (Groundball, 56)
Batting: SHB Joe Mueller 0-0: Called Strike
0-1: Ball
1-1: Ground out 4-3 (Groundball, 4)
Top of the 9th over - 0 run(s), 1 hit(s), 0 error(s), 1 left on base; California 12 - Atlanta 3
BOTTOM OF THE 9TH
Atlanta Smoke batting - Pitching for California Oceanliners : RHP Alf Näsbom
Pitching: RHP Octávio Rodríguez
Batting: RHB Nathan Horton 0-0: Ball
1-0: Ball
2-0: Ball
3-0: Called Strike
3-1: Base on Balls
Batting: LHB Bernardo Elías 0-0: Ball
1-0: Called Strike
1-1: Foul Ball, location: 2F
1-2: Ball
2-2: Foul Ball, location: 2F
2-2: Ball
3-2: Strikes out swinging
Batting: RHB Scott Forrest 0-0: Ball
1-0: Ball
2-0: Ball
3-0: Called Strike
3-1: Called Strike
3-2: Foul Ball, location: 2F
3-2: Fly out, F9 (Popup, 9S)
Batting: LHB Mike Blue 0-0: Ground out 3-1 (Groundball, 34S)
Bottom of the 9th over - 0 run(s), 0 hit(s), 0 error(s), 1 left on base; California 12 - Atlanta 3
This league is powered by Out of the Park Baseball, the baseball management simulation game for PC, Mac and Linux
Friday, October 23rd, 2015 - OOTP Baseball 16.9 Build 39